 Dungeon Crawl Stone Soup version 0.29-a0-119-g4040846114 (webtiles) character file.

Game seed: 11074320660847409259

762 frimble the Chiller (level 7, 0/51 HPs)
             Began as a Gnoll Ice Elementalist on Feb 20, 2022.
             Killed from afar by an orc wizard (8 damage)
             ... with a puff of flame
             ... on level 5 of the Dungeon.
             The game lasted 00:04:46 (5347 turns).

frimble the Chiller (Gnoll Ice Elementalist)        Turns: 5347, Time: 00:04:46

Health: 0/51       AC: 11    Str: 10    XL:     7   Next: 81%
Magic:  4/15       EV: 13    Int: 14    God:
Gold:   163        SH:  0    Dex: 12    Spells: 10/17 levels left

rFire   . . .      SeeInvis .   k - +2 morningstar (protect)
rCold   + + .      Faith    .   (no shield)
rNeg    . . .      Spirit   .   a - +0 robe
rPois   .          Reflect  .   (no helmet)
rElec   .          Harm     .   e - +0 cloak
rCorr   .          Rampage  .   (no gloves)
Will    .....                   n - +0 pair of boots
Stlth   +++.......              (no amulet)
HPRegen 0.17/turn               i - ring of protection from cold
MPRegen 0.14/turn               m - ring of protection from cold

@: ice-armoured
A: fangs 1, strong nose, distributed training
a: no special abilities


You were on level 5 of the Dungeon.
You visited 1 branch of the dungeon, and saw 5 of its levels.

You collected 163 gold pieces.

Inventory:

Hand Weapons
 b - a +0 dagger
 k - a +2 morningstar of protection (weapon)
Armour
 a - a +0 robe (worn)
 e - a +0 cloak (worn)
 n - a +0 pair of boots (worn)
Jewellery
 i - a ring of protection from cold (left hand)
 m - a ring of protection from cold (right hand)
 o - a ring of wizardry
Scrolls
 c - 2 scrolls of fear
 h - a scroll of fog
Potions
 d - 3 potions of attraction
 f - 3 potions of brilliance
 g - a potion of curing
 l - a potion of flight {unknown}
 p - a potion of heal wounds {unknown}
 q - a potion of lignification {unknown}


   Skills:
 + Level 2.7 Fighting
 + Level 2.7 Short Blades
 + Level 2.7 Long Blades
 + Level 2.7 Axes
 + Level 2.7 Maces & Flails
 + Level 2.7 Polearms
 + Level 2.7 Staves
 + Level 2.7 Slings
 + Level 2.7 Bows
 + Level 2.7 Crossbows
 + Level 2.7 Throwing
 + Level 2.7 Armour
 + Level 5.3 Dodging
 + Level 5.0 Stealth
 + Level 2.7 Shields
 + Level 2.7 Unarmed Combat
 + Level 5.7 Spellcasting
 + Level 2.2 Conjurations
 + Level 2.2 Hexes
 + Level 2.2 Summonings
 + Level 2.2 Necromancy
 + Level 2.2 Translocations
 + Level 2.2 Transmutations
 + Level 2.2 Fire Magic
 + Level 7.5 Ice Magic
 + Level 2.2 Air Magic
 + Level 2.2 Earth Magic
 + Level 2.2 Poison Magic
 + Level 3.0 Invocations
 + Level 2.7 Evocations


You had 10 spell levels left.
You knew the following spells:

 Your Spells              Type           Power      Damage    Failure   Level
a - Freeze                Ice            100%       1d11      1%          1
b - Frozen Ramparts       Ice            50%        1d7       2%          3
c - Ozocubu's Armour      Ice            25%        N/A       2%          3

Your spell library contained the following spells:

 Spells                   Type           Power      Damage    Failure   Level
 Hailstorm                Conj/Ice       17%        3d6       22%         4


Dungeon Overview and Level Annotations

Branches:
Dungeon (5/15)
 Temple: D:4-7

Altars:
Dithmenos

Shops:
D:4 :

Annotations:
D:4 3 runed translucent doors, YayAnonymity's ghost, amateur DsTm; snaxamus's ghost, novice HOMo


Innate Abilities, Weirdness & Mutations

You have very sharp teeth.
Your uncanny sense of smell can sniff out nearby items.
Your experience applies equally to all skills.


Message History

The orc is almost dead.
The hound skeleton closely misses you. The phantom misses you.
The orc hits you but does no damage.
The hound skeleton bites you but does no damage.
You closely miss the phantom.
The phantom is heavily damaged.
The phantom misses you.
The hound skeleton bites you but does no damage.
You hear some strange, mumbled words.
A magic dart appears from out of thin air!
The magic dart hits you but does no damage.
The orc hits you with a +0 dagger.
* * * LOW HITPOINT WARNING * * *
The phantom hits you but does no damage.
The hound skeleton bites you but does no damage.
Something hits you but does no damage. The orc hits you but does no damage.
You barely miss the phantom.
The phantom is heavily damaged.
The hound skeleton closely misses you. The phantom barely misses you.
Something hits you but does no damage. The orc hits you but does no damage.
You barely miss the phantom.
The phantom is heavily damaged.
The hound skeleton bites you but does no damage.
The phantom hits you but does no damage.
The orc hits you but does no damage. Something hits you but does no damage.
The hound skeleton barely misses you.
You closely miss the phantom.
The phantom is heavily damaged.
The hound skeleton barely misses you. The phantom closely misses you.
Something hits you.
* * * LOW HITPOINT WARNING * * *
The orc hits you with a +0 dagger.
* * * LOW HITPOINT WARNING * * *
The phantom hits you but does no damage.
The hound skeleton bites you but does no damage.
The orc barely misses you.
You hear some strange, mumbled words.
A puff of flame appears from out of thin air!
The puff of flame hits you!
You die...

........≈≈..♣
..
............#
...
#..........#
...#.....!....#
#.#....(.....#
........>...##
∆ #....W.....#
#....{@....#
#..<.Zo$...#
#†<........#
#..........#
##.)......##
##..$...##
########


You could see a phantom, an orc and a hound skeleton.

Vanquished Creatures
  Sigmund (D:4)
  Duvessa (D:4)
  A phantom (D:4)
  2 scorpions
  Dowan (D:4)
  A killer bee (D:4)
  An orc priest (D:3)
  2 hound skeletons (D:4)
  4 gnolls (D:4)
  4 adders
  An adder skeleton (D:4)
  4 dart slugs
  8 orcs
  11 endoplasms
  2 giant cockroaches (D:3)
  10 hobgoblins
  4 jackals (D:1)
  A quokka (D:4)
  8 ball pythons
  2 bats
  2 frilled lizards (D:2)
  4 goblins
  5 kobolds
  4 rats
84 creatures vanquished.

Vanquished Creatures (others)
  A fungus (D:1)
  A plant (D:1)
2 creatures vanquished.

Grand Total: 86 creatures vanquished

Notes
Turn   | Place    | Note
-------+----------+-------------------------------------------
     0 | D:1      | frimble the Gnoll Ice Elementalist began the quest for the
                  | Orb.
     0 | D:1      | Reached XP level 1. HP: 13/13 MP: 6/6
   553 | D:1      | Reached XP level 2. HP: 19/19 MP: 7/7
  1123 | D:1      | Found a faded altar of an unknown god.
  1426 | D:2      | Reached XP level 3. HP: 13/25 MP: 6/9
  1430 | D:2      | Learned a level 3 spell: Frozen Ramparts
  1434 | D:2      | Learned a level 3 spell: Ozocubu's Armour
  1607 | D:2      | Reached skill level 5 in Spellcasting
  2073 | D:2      | Reached skill level 1 in Invocations
  2124 | D:2      | Reached skill level 1 in Fighting
  2124 | D:2      | Reached skill level 1 in Short Blades
  2124 | D:2      | Reached skill level 1 in Long Blades
  2124 | D:2      | Reached skill level 1 in Axes
  2124 | D:2      | Reached skill level 1 in Maces & Flails
  2124 | D:2      | Reached skill level 1 in Polearms
  2124 | D:2      | Reached skill level 1 in Staves
  2124 | D:2      | Reached skill level 1 in Slings
  2124 | D:2      | Reached skill level 1 in Bows
  2124 | D:2      | Reached skill level 1 in Crossbows
  2124 | D:2      | Reached skill level 1 in Throwing
  2124 | D:2      | Reached skill level 1 in Armour
  2124 | D:2      | Reached skill level 1 in Shields
  2124 | D:2      | Reached skill level 1 in Unarmed Combat
  2124 | D:2      | Reached skill level 1 in Evocations
  2495 | D:2      | Reached XP level 4. HP: 32/32 MP: 11/11
  3223 | D:3      | Reached skill level 1 in Conjurations
  3223 | D:3      | Reached skill level 1 in Hexes
  3223 | D:3      | Reached skill level 1 in Summonings
  3223 | D:3      | Reached skill level 1 in Necromancy
  3223 | D:3      | Reached skill level 1 in Translocations
  3223 | D:3      | Reached skill level 1 in Transmutations
  3223 | D:3      | Reached skill level 1 in Fire Magic
  3223 | D:3      | Reached skill level 1 in Air Magic
  3223 | D:3      | Reached skill level 1 in Earth Magic
  3223 | D:3      | Reached skill level 1 in Poison Magic
  3879 | D:3      | Reached XP level 5. HP: 25/37 MP: 6/12
  4066 | D:4      | Noticed Sigmund
  4087 | D:4      | Killed Sigmund
  4088 | D:4      | Reached skill level 5 in Dodging
  4088 | D:4      | Reached XP level 6. HP: 40/44 MP: 5/14
  4429 | D:4      | Found a runed translucent gate.
  4429 | D:4      | Found a runed translucent gate.
  4429 | D:4      | Found a runed translucent gate.
  4429 | D:4      | Noticed snaxamus's ghost (novice HOMo)
  4430 | D:4      | Noticed YayAnonymity's ghost (amateur DsTm)
  4447 | D:4      | Noticed Dowan
  4449 | D:4      | Noticed Duvessa
  4457 | D:4      | Killed Dowan
  4458 | D:4      | Reached XP level 7. HP: 45/50 MP: 7/15
  4460 | D:4      | Killed Duvessa
  4846 | D:4      | Found Ovits's Book Shop.
  4919 | D:4      | Found a shadowy altar of Dithmenos.
  4936 | D:4      | Reached skill level 5 in Stealth
  5317 | D:5      | Entered Level 5 of the Dungeon
  5347 | D:5      | Killed from afar by an orc wizard

Illustrated notes

Levels and vault maps discovered:
D:1:      dpeg_arrival_rooms_c, layout_loops_ring,
          shapermc_ecumenical_altar_ellora, st_stairs_10
D:2:      layout_loops_corners
D:3:      layout_basic
D:4:      layout_cave_pools, gammafunk_ghost_cemetery, serial_shops,
          nicolae_shop_waterfront, kennysheep_small_circle, uniq_sigmund,
          uniq_duvessa
D:5:      layout_rooms, nicolae_elyvilon_peaceful_grove,
          chequers_serial_rivers_micro_a, uniq_crazy_yiuf_cottage

Skill      XL: |  1  2  3  4  5  6  7 |
---------------+----------------------+-----
Spellcasting   | 5 |  5.7
Invocations    | 1 2 3 |  3.0
Fighting       | 1 2 |  2.7
Short Blades   | 1 2 |  2.7
Long Blades    | 1 2 |  2.7
Axes           | 1 2 |  2.7
Maces & Flails | 1 2 |  2.7
Polearms       | 1 2 |  2.7
Staves         | 1 2 |  2.7
Slings         | 1 2 |  2.7
Bows           | 1 2 |  2.7
Crossbows      | 1 2 |  2.7
Throwing       | 1 2 |  2.7
Armour         | 1 2 |  2.7
Shields        | 1 2 |  2.7
Unarmed Combat | 1 2 |  2.7
Evocations     | 1 2 |  2.7
Conjurations   | 1 2 |  2.2
Hexes          | 1 2 |  2.2
Summonings     | 1 2 |  2.2
Necromancy     | 1 2 |  2.2
Translocations | 1 2 |  2.2
Transmutations | 1 2 |  2.2
Fire Magic     | 1 2 |  2.2
Air Magic      | 1 2 |  2.2
Earth Magic    | 1 2 |  2.2
Poison Magic   | 1 2 |  2.2
Dodging        | 5 |  5.3
Stealth        | 5 |  5.0
Ice Magic      | |  7.5

Action                   |  1- 3 |  4- 6 |  7- 9 || total
-------------------------+-------+-------+-------++-------
Melee: Dagger            |    87 |    29 |       ||   116
       Unarmed           |     7 |       |       ||     7
       Bite              |    12 |     9 |     7 ||    28
       Punch             |     1 |     2 |     2 ||     5
       Morningstar       |       |    50 |    65 ||   115
 Cast: Freeze            |    19 |     5 |     1 ||    25
       Ozocubu's Armour  |       |     4 |     5 ||     9
       Frozen Ramparts   |       |     6 |     2 ||     8
  Use: Scroll            |     1 |     2 |     4 ||     7
       Potion            |       |       |     1 ||     1
 Stab: Sleeping          |     9 |     8 |     2 ||    19
       Distracted        |       |       |     1 ||     1
Armor: Robe              |    19 |    39 |    43 ||   101
Dodge: Dodged            |    54 |    64 |    55 ||   173

Table legend: (Time is in decaauts)
 A = Elapsed time spent in this place.
 B = Non-inter-level travel time spent in this place.
 C = Inter-level travel time spent in this place.
 D = Time resting spent in this place.
 E = Time spent auto-exploring this place.
 F = Levels seen in this place.
 G = Mean time per level.
                   A        B        C        D        E       F      G
               +--------+--------+--------+--------+--------+-----+--------+
         Total |   5384 |   5166 |    218 |     25 |   4423 |   5 | 1076.8 |
       Dungeon |   5384 |   5166 |    218 |     25 |   4423 |   5 | 1076.8 |
               +--------+--------+--------+--------+--------+-----+--------+

Top non-repeatable levels by time:
     D:2: 1589 daAuts
     D:4: 1307 daAuts
     D:1: 1288 daAuts
     D:3: 1163 daAuts
     D:5: 36 daAuts
